 Dungeon Crawl Stone Soup version 0.31-a0-876-gfe8ebadbca (webtiles) character file.

Game seed: 15156262892366637696

97 Darius099 the Chopper (level 4, 0/40 HPs)
             Began as a Minotaur Fighter on Oct 14, 2023.
             Slain by Grinder (5 damage)
             ... on level 3 of the Dungeon.
             The game lasted 00:04:47 (1853 turns).

Darius099 the Chopper (Minotaur Fighter)            Turns: 1853, Time: 00:04:49

Health: 0/40       AC:  8    Str: 22    XL:     4   Next: 42%
Magic:  3/3        EV:  9    Int:  5    God:
Gold:   130        SH:  4    Dex: 10    Spells: 3/3 levels left

rFire   . . .        a - +0 war axe
rCold   . . .        c - +0 buckler
rNeg    . . .        b - +0 scale mail
rPois   .            (helmet restricted)
rElec   .            (no cloak)
rCorr   .            l - +0 pair of gloves
SInv    .            (no boots)
Will    .....        (no amulet) Stlth
                     (no ring)
HPRegen 0.26/turn    (no ring)
MPRegen 0.08/turn

%: no passive effects
@: no status effects
A: horns 2, retaliatory headbutt
a: no special abilities


You were on level 3 of the Dungeon.
You visited 1 branch of the dungeon, and saw 3 of its levels.

You collected 130 gold pieces.

Inventory:

Hand Weapons
 a - a +0 war axe (weapon)
Missiles
 e - 7 javelins
Armour
 b - a +0 scale mail (worn)
 c - a +0 buckler (worn)
 l - a +0 pair of gloves (worn)
Jewellery
 p - a +6 ring of strength
Scrolls
 f - a scroll of enchant weapon {unknown}
 g - 3 scrolls of identify {unknown}
 n - a scroll of noise {unknown}
 o - a scroll of teleportation {unknown}
 q - a scroll of torment {unknown}
Potions
 d - 2 potions of might
 h - a potion of enlightenment {unknown}
 i - 3 potions of attraction {unknown}
 j - 3 potions of heal wounds {unknown}
 k - a potion of brilliance {unknown}
 m - a potion of haste {unknown}
 r - a potion of mutation {unknown}


   Skills:
 - Level 4.2 Fighting
 + Level 4.3 Axes
 - Level 4.2 Armour
 - Level 4.2 Shields


You had 3 spell levels left.
You didn't know any spells.
Your spell library contained the following spells:

 Spells                   Type           Power      Damage    Failure   Level
 Necrotise                Necr           0%         1d4       86%         1
 Vampiric Draining        Necr           0%         2d6       99%         3
 Agony                    Necr           0%         N/A       100%        5


Dungeon Overview and Level Annotations

Branches:
Dungeon (3/15)

Altars:
Dithmenos

Portals:
Sewer: D:3

Annotations:
D:3 1 runed translucent door, Grinder


Innate Abilities, Weirdness & Mutations

You have a pair of horns on your head.
You reflexively headbutt those who attack you in melee.


Message History

You hit the kobold but do no damage. You headbutt the kobold.
You kill the kobold!
A quokka comes into view.
Grinder gestures at you. Pain shoots through your body!
Items here: $ ( ) [ †.
You hit Grinder but do no damage. You headbutt Grinder!
Grinder is moderately wounded.
Grinder hits you but does no damage.
You slash Grinder!
Grinder is heavily wounded.
Grinder gestures at you. Pain shoots through your body!
Grinder gestures at you. You resist with significant effort.
You slash Grinder! You headbutt Grinder.
Grinder is severely wounded.
You slash the quokka!
You kill the quokka!
Grinder gestures at you. Pain shoots through your body!
* * * LOW HITPOINT WARNING * * *
Unknown command.
You closely miss Grinder.
Grinder is severely wounded.
Grinder barely misses you.
You barely miss Grinder.
Grinder is severely wounded.
Grinder hits you.
* * * LOW HITPOINT WARNING * * *
Grinder blinks!
Items here: $ ( ) [ †.
You hit Grinder.
Grinder is almost dead.
Grinder says, "Don't move a muscle."
Grinder hits you.
* * * LOW HITPOINT WARNING * * *
You writhe in agony.
You die...
Grinder says, "Now the real fun starts!"

###.#######
##
#.........#
.#
#.#######.#
. #.# #.#.#
#.#.#.#
#.....#
###.#.#
#.#@#######
# #.5......
##...####
.?..#
.....#
......#
......+
......#
.....##


You could see Grinder.

Vanquished Creatures
  Jessica (D:2)
  2 adders (D:3)
  A worm (D:2)
  2 dart slugs
  2 endoplasms (D:1)
  3 giant cockroaches
  6 goblins
  8 hobgoblins
  A quokka (D:3)
  5 ball pythons
  3 bats
  2 frilled lizards (D:1)
  5 kobolds
  2 rats (D:1)
43 creatures vanquished.

Notes
Turn   | Place    | Note
-------+----------+-------------------------------------------
     0 | D:1      | Darius099 the Minotaur Fighter began the quest for the Orb.
     0 | D:1      | Reached XP level 1. HP: 19/19 MP: 0/0
    21 | D:1      | Found a faded altar of an unknown god.
   201 | D:1      | Reached XP level 2. HP: 27/27 MP: 1/1
   650 | D:2      | Noticed Jessica
   661 | D:2      | Killed Jessica
   662 | D:2      | Reached XP level 3. HP: 15/33 MP: 2/2
  1267 | D:2      | Reached XP level 4. HP: 40/40 MP: 3/3
  1582 | D:3      | Found a runed translucent door.
  1633 | D:3      | Found a glowing drain.
  1777 | D:3      | Found a shadowy altar of Dithmenos.
  1841 | D:3      | Noticed Grinder
  1853 | D:3      | Slain by Grinder

Illustrated notes

Levels and vault maps discovered:
D:1:      scummos_arrival_forest, layout_basic,
          hellmonk_ecumenical_altar_crossroads
D:2:      layout_loops_ring, uniq_jessica
D:3:      layout_loops_corners, nicolae_dithmenos_through_a_glass_darkly,
          ebering_ghost_reflecting_pool, portal_sewer_entry_d, uniq_grinder

Skill      XL: |  1  2  3  4 |
---------------+-------------+-----
Armour         | 4 |  4.2
Shields        | 4 |  4.2
Fighting       | 4 |  4.2
Axes           | 3 4 |  4.3

Action                     |  1- 3 |  4- 6 || total
---------------------------+-------+-------++-------
  Melee: War axe           |    51 |    35 ||    86
         Headbutt          |     6 |     4 ||    10
 Armour: Scale mail        |    25 |    25 ||    50
  Dodge: Dodged            |    16 |    18 ||    34
  Block: Buckler           |     9 |     9 ||    18

Table legend: (Time is in decaauts)
 A = Elapsed time spent in this place.
 B = Non-inter-level travel time spent in this place.
 C = Inter-level travel time spent in this place.
 D = Time resting spent in this place.
 E = Time spent auto-exploring this place.
 F = Levels seen in this place.
 G = Mean time per level.
                   A        B        C        D        E       F      G
               +--------+--------+--------+--------+--------+-----+--------+
         Total |   1883 |   1814 |     69 |    100 |   1185 |   3 |  627.7 |
       Dungeon |   1883 |   1814 |     69 |    100 |   1185 |   3 |  627.7 |
               +--------+--------+--------+--------+--------+-----+--------+

Top non-repeatable levels by time:
     D:2: 851 daAuts
     D:1: 638 daAuts
     D:3: 392 daAuts
